 Dungeon Crawl Stone Soup version 0.19-a0-1111-gcceb26a (webtiles) character file.

99973 Ijustatesigmund the Victor of a Thousand Battles (level 15, -21/124 HPs)
             Began as a Demonspawn Fighter on Aug 8, 2016.
             Was the Champion of Okawaru.
             Killed from afar by a lich (31 damage)
             ... with an iron shot
             ... on level 3 of the Abyss on Aug 11, 2016.
             The game lasted 01:29:45 (24768 turns).

Ijustatesigmund (DsFi)                             Turns: 24768, Time: 01:29:46

Health: -21/124    AC: 30    Str: 18    XL:     15   Next: 79%
Magic:  0/25       EV: 16    Int: 10    God:    Okawaru [******]
Gold:   1001       SH: 24    Dex: 20    Spells: 1 memorised, 12 levels left

rFire  + + .     SeeInvis +     W - +6 flail (drain)
rCold  . . .     Gourm    .     j - +8 fire dragon armour of Inviolability {rElec rPois rF++ rC- rN+}
rNeg   + . .     Faith    .     b - +4 large shield {rC+}
rPois  +         Spirit   +     m - +1 helmet {SInv}
rElec  +         Dismiss  .     x - +1 cloak
rCorr  .         Reflect  .     O - +1 pair of gloves {Dex+3}
SustAt .         Harm     .     N - +2 pair of boots {run}
MR     ++...                    P - amulet of regeneration
Stlth  +++.......               q - +3 ring of slaying
                                T - ring of protection from magic

@: about to teleport, heroism, finesse, repel missiles, quick
A: hooves 2, iridescent scales 1, deformed body, nightstalker 1, magic shield,
magic regeneration
a: Heroism, Finesse, Renounce Religion


You were on level 3 of the Abyss.
You worshipped Okawaru.
Okawaru was exalted by your worship.
You were not hungry.

You visited 2 branches of the dungeon, and saw 20 of its levels.
You visited the Abyss 1 time.
You also visited: Bailey and Ice Cave.

You collected 1528 gold pieces.
You spent 527 gold pieces at shops.

Inventory:

Hand Weapons
 r - a +2 flail of protection
 W - a +6 flail of draining (weapon)
Armour
 b - a +4 large shield of cold resistance (worn)
 c - the +8 orange crystal plate armour {Archmagi, Int+3 Clar SustAt}
   (Okawaru gifted it to you on level 14 of the Dungeon)

   It affects your intelligence (+3).
   It sustains your strength, intelligence and dexterity.
   It protects you against confusion.
 j - the +8 fire dragon armour of Inviolability (worn) {rElec rPois rF++ rC- rN+}
   (You found it in a bailey)

   It greatly protects you from fire.
   It makes you vulnerable to cold.
   It insulates you from electricity.
   It protects you from poison.
   It protects you from negative energy.
 m - a +1 helmet of see invisible (worn)
 x - a +1 cloak (worn)
 N - a +2 pair of boots of running (worn)
 O - a +1 pair of gloves of dexterity (worn)
Jewellery
 a - the ring "Vipong Paga" {rPois Dex+5}
   (You found it on level 10 of the Dungeon)

   [ring of dexterity]

   It affects your dexterity (+5).
   It protects you from poison.
 l - an uncursed ring of see invisible
 q - a +3 ring of slaying (right hand)
 B - the ring "Qugaek" {Wiz rF+}
   (You found it on level 12 of the Dungeon)

   [ring of wizardry]

   It improves your spell success rate.
   It protects you from fire.
 E - an uncursed ring of ice
 P - an amulet of regeneration (around neck)
 T - a ring of protection from magic (left hand)
Wands
 z - a wand of lightning (7/15)
 A - a wand of iceblast (4/15)
 C - a wand of acid (6/15)
 H - a wand of iceblast (7/15)
 J - a wand of digging (11/24)
 K - a wand of slowing (22/48)
Scrolls
 e - 3 scrolls of fog
 g - 10 scrolls of identify
 n - a scroll of remove curse
 p - 2 scrolls of recharging
 v - 6 scrolls of fear
 F - a scroll of summoning
 I - 3 scrolls of amnesia
 Q - 4 scrolls of blinking
 S - a scroll of magic mapping
 U - 2 scrolls of enchant weapon
Potions
 d - 3 potions of mutation
 h - 7 potions of brilliance
 k - 4 potions of magic
 o - 7 potions of curing
 s - 2 potions of ambrosia
 w - 3 potions of flight
 D - 3 potions of might
 L - a potion of resistance
 M - 4 potions of agility
 R - 2 potions of haste
Books
 t - a book of Clouds

   Spells                             Type                      Level
   a - Mephitic Cloud                 Conjuration/Poison/Air       3
   b - Conjure Flame                  Conjuration/Fire             3
   c - Poisonous Cloud                Conjuration/Poison/Air       6
   d - Freezing Cloud                 Conjuration/Ice/Air          6
   e - Ring of Flames                 Charms/Fire                  7
 y - a book of Transfigurations

   Spells                             Type                      Level
   a - Irradiate                      Conjuration/Transmutation    5
   b - Statue Form                    Transmutation/Earth          6
   c - Hydra Form                     Transmutation                6
   d - Dragon Form                    Transmutation                7
 X - a book of Air

   Spells                             Type                      Level
   a - Shock                          Conjuration/Air              1
   b - Swiftness                      Charms/Air                   2
   c - Repel Missiles                 Charms/Air                   2
   d - Static Discharge               Conjuration/Air              3
   e - Lightning Bolt                 Conjuration/Air              5
 Y - a book of Power

   Spells                             Type                      Level
   a - Fulminant Prism                Conjuration/Hexes            4
   b - Iskenderun's Mystic Blast      Conjuration                  4
   c - Venom Bolt                     Conjuration/Poison           5
   d - Bolt of Magma                  Conjuration/Fire/Earth       5
   e - Iron Shot                      Conjuration/Earth            6
   f - Orb of Destruction             Conjuration                  7
   g - Spellforged Servitor           Conjuration/Summoning        7
Comestibles
 f - 11 bread rations
 i - 10 meat rations
 V - 10 royal jellies


   Skills:
 - Level 13.2(18.2) Fighting
 + Level 13.3(18.3) Maces & Flails
 - Level 8.8(13.8) Armour
 - Level 7.3(12.3) Dodging
 - Level 11.0(16.0) Shields
 + Level 4.7 Charms
 + Level 4.6 Air Magic
 - Level 14.0 Invocations


You had 12 spell levels left.
You knew the following spells:

 Your Spells              Type           Power        Failure   Level  Hunger
a - Repel Missiles        Chrm/Air       #.....       80%         2    ###....


Dungeon Overview and Level Annotations

Branches:
Dungeon (14/15)            Temple (0/1) D:5            Lair (6/6) D:8
 Shoals (0/4) Lair:2       Spider (0/4) Lair:3        Slime (0/5) Lair:6
    Orc (0/2) D:12         Vaults (0/5) D:14

Altars:
Ashenzari
Gozag
Nemelex Xobeh
Okawaru
Sif Muna
Zin
Jiyva

Shops:
D:4 %   D:5 ?   D:7 ?   D:9 ?   D:11 [


Innate Abilities, Weirdness & Mutations

You have hoof-like feet.
You are partially covered in iridescent scales. (AC +2)
You are slightly more attuned to the shadows.
When hurt, damage is shared between your health and your magic reserves.
You regenerate magic rapidly.
Armour fits poorly on your strangely shaped body.


Message History

You feel strangely unstable.
You feel the power of the Abyss delaying your translocation!
The lich touches you but does no damage.
A chorus of shrieks assaults your mind.
* * * LOW HITPOINT WARNING * * *
A starcursed mass splits.
The lich casts a spell at you. The bolt of fire hits you! You resist.
* * * LOW HITPOINT WARNING * * *
A deafening chorus of shrieks assaults your mind!
* * * LOW HITPOINT WARNING * * *
You block the starcursed mass's attack.
You feel better. The lich barely misses you.
A deafening chorus of shrieks assaults your mind!
* * * LOW HITPOINT WARNING * * *
The starcursed mass completely misses you.
A starcursed mass splits.
The lich points at you and mumbles some strange words.
The iron shot hits you!
You die...

.##. #..## . #
#. . #.#. .. .#
.#..# ###.
#..)#
.##.#.##..#...#
#...#.X.## ##
#XXXL.## # #
##.#.#1# ...
...#@#X.X...#
###..#..#.## .
#.#.#..## . #.
#....#
##.#.......# ?#
....#..
.#.#.#....' . #
# ...... . . #.
.## .


You could see 3 starcursed masses and a lich.

Vanquished Creatures
  Rupert (D:13)
  A sphinx (D:12)
  A fire giant (D:12)
  A frost giant (IceCv)
  A stone giant (D:12)
  Nessos (D:13)
  Azrael (D:14)
  A fire dragon (D:12)
  A yaktaur captain (D:12)
  Snorg (D:10)
  2 vault guards (D:14)
  Fannar (D:11)
  A rakshasa (D:12)
  10 hydras
  A catoblepas (Lair:6)
  2 centaur warriors
  3 death yaks (IceCv)
  A tengu warrior (D:13)
  2 deep troll earth magi (D:12)
  Nergalle (D:11)
  A deep elf knight (D:14)
  4 iron golems
  5 unseen horrors
  2 orc knights (Bailey)
  A lindwurm (Lair:6)
  8 hill giants
  3 ugly things
  A mana viper (shapeshifter) (D:12)
  Pikel (D:5)
  A shining eye (Lair:6)
  4 cyclopes
  3 griffons
  2 manticores (Lair:6)
  A deep elf mage (D:14)
  2 slime creatures (D:14)
  A siren (Lair:2)
  5 elephants (Lair:2)
  An ice statue (IceCv)
  16 spiny frogs
  A smoke demon (Abyss:3)
  5 black mambas
  2 gargoyles
  8 komodo dragons
  An efreet (Abyss:3)
  5 rime drakes
  A freezing wraith (D:13)
  7 trolls
  22 polar bears
  5 raiju (Lair:6)
  Grinder (D:3)
  2 two-headed ogres
  A boulder beetle (Lair:6)
  16 blink frogs
  A meliai zombie (D:14)
  A redback (Lair:3)
  Sigmund (D:2)
  A wraith (D:14)
  52 yaks
  2 fire elementals (D:14)
  7 basilisks
  A hippogriff (shapeshifter) (D:14)
  9 vampire mosquitoes
  6 hippogriffs
  2 hungry ghosts
  7 wargs (Lair:6)
  A mottled dragon (D:11)
  5 porcupines
  7 hell hounds
  18 water moccasins
  14 black bears
  4 orc warriors
  5 ice beasts
  5 phantoms
  5 sky beasts
  3 eyes of draining
  A necrophage (D:12)
  4 ogres
  45 wolves
  15 centaurs
  10 crocodiles
  A big kobold (D:11)
  The ghost of kirsanium the Firebug, an amateur DEFE (D:4)
  18 giant frogs
  A gnoll sergeant (D:11)
  12 killer bees
  3 scorpions
  4 wights (D:10)
  An electric eel (Lair:2)
  3 howler monkeys
  7 crimson imps
  3 centaur zombies
  A quasit (D:5)
  4 starcursed masses (Abyss:3)
  A giant frog zombie (D:11)
  21 hounds
  A jelly (D:14)
  3 orc priests
  A gnoll shaman (D:8)
  7 centaur skeletons
  Jessica (D:3)
  2 giant frog skeletons (D:4)
  Crazy Yiuf (D:6)
  Ijyb (D:2)
  Terence (D:2)
  6 iguanas
  8 worker ants
  13 orc wizards
  27 sheep
  3 hound skeletons
  A worker ant zombie (D:5)
  A howler monkey skeleton (D:6)
  14 gnolls
  12 river rats
  22 adders
  A shadow imp (D:14)
  12 white imps (Lair:3)
  3 oozes
  An adder zombie (D:5)
  An adder skeleton (D:4)
  3 worms
  A dart slug (D:1)
  9 giant geckos
  49 orcs
  14 bats
  3 giant cockroaches
  7 goblins
  11 hobgoblins
  8 jackals
  7 quokkas
  A ball python (D:6)
  A ball python skeleton (D:4)
  A giant gecko skeleton (D:8)
  7 giant newts
  8 kobolds
  2 quokka skeletons
  13 rats
  A plant (Lair:1)
775 creatures vanquished.

Vanquished Creatures (collateral kills)
  A giant frog skeleton (D:13)
1 creature vanquished.

Vanquished Creatures (others)
  An unseen horror (shapeshifter) (D:12)
  A yak (D:14)
  A wolf (IceCv)
  18 fungi
  12 plants
33 creatures vanquished.

Grand Total: 809 creatures vanquished

Notes
Turn   | Place    | Note
-------+----------+-------------------------------------------
     0 | D:1      | Ijustatesigmund the Demonspawn Fighter began the quest for the Orb.
     0 | D:1      | Reached XP level 1. HP: 18/18 MP: 1/1
   193 | D:1      | Gained mutation: When hurt, damage is shared between your health and your magic reserves. [demonic ancestry]
   193 | D:1      | Reached XP level 2. HP: 18/24 MP: 2/2
   761 | D:1      | Reached XP level 3. HP: 29/29 MP: 3/3
  1192 | D:2      | Gained mutation: You are partially covered in iridescent scales. (AC +2) [demonic ancestry]
  1192 | D:2      | Reached XP level 4. HP: 24/37 MP: 2/4
  1683 | D:2      | Gained mutation: You have large cloven feet. [demonic ancestry]
  1683 | D:2      | Reached XP level 5. HP: 39/42 MP: 5/5
  1700 | D:2      | Noticed Terence
  1719 | D:2      | Killed Terence
  1926 | D:2      | Noticed Sigmund
  1947 | D:2      | Killed Sigmund
  1947 | D:2      | Reached skill level 5 in Fighting
  1947 | D:2      | Reached XP level 6. HP: 39/51 MP: 6/6
  2113 | D:2      | Noticed Ijyb
  2129 | D:2      | Killed Ijyb
  2415 | D:3      | Upgraded the game from 0.19-a0-1097-g38e3b35 to 0.19-a0-1107-gc676ff4
  3087 | D:3      | Found an iron altar of Okawaru.
  3107 | D:3      | Became a worshipper of Warmaster Okawaru
  3183 | D:3      | Noticed Jessica
  3185 | D:3      | Noticed Grinder
  3190 | D:3      | Killed Jessica
  3190 | D:3      | Reached skill level 1 in Dodging
  3199 | D:3      | Paralysed by Grinder for 2 turns
  3204 | D:3      | Killed Grinder
  3204 | D:3      | Reached * piety under Okawaru
  3204 | D:3      | Reached skill level 2 in Invocations
  3204 | D:3      | Reached XP level 7. HP: 57/57 MP: 5/8
  3937 | D:3      | Reached skill level 5 in Maces & Flails
  4201 | D:4      | Reached skill level 3 in Invocations
  4251 | D:4      | Found Voph's Food Boutique.
  4314 | D:4      | Noticed kirsanium's ghost (amateur DEFE)
  4328 | D:4      | Killed kirsanium's ghost
  4435 | D:3      | Reached XP level 8. HP: 58/64 MP: 10/10
  4532 | D:4      | Reached skill level 4 in Invocations
  4943 | D:5      | Entered Level 5 of the Dungeon
  5030 | D:5      | Found Jialeudd's Magic Scroll Shop.
  5034 | D:5      | Bought a scroll of teleportation for 33 gold pieces
  5034 | D:5      | Bought a scroll of fear for 38 gold pieces
  5034 | D:5      | Bought a scroll of identify for 22 gold pieces
  5034 | D:5      | Bought a scroll of identify for 22 gold pieces
  5034 | D:5      | Bought a scroll of fog for 22 gold pieces
  5041 | D:5      | Bought a scroll of enchant armour for 82 gold pieces
  5083 | D:5      | Reached ** piety under Okawaru
  5083 | D:5      | Reached skill level 5 in Invocations
  5098 | D:5      | Noticed Pikel
  5109 | D:5      | Killed Pikel
  5109 | D:5      | Reached skill level 6 in Invocations
  5182 | D:5      | Reached XP level 9. HP: 69/72 MP: 13/13
  5302 | D:5      | Found a staircase to the Ecumenical Temple.
  5619 | D:6      | Reached skill level 7 in Invocations
  6061 | D:6      | Found a runed door.
  6406 | D:6      | Noticed Crazy Yiuf
  6410 | D:6      | Killed Crazy Yiuf
  6480 | D:6      | Found a shattered altar of Ashenzari.
  6480 | D:6      | Found a deep blue altar of Sif Muna.
  6739 | D:7      | Reached *** piety under Okawaru
  6763 | D:7      | Found Ymicur's Magic Scroll Shop.
  6793 | D:7      | Bought a scroll of identify for 24 gold pieces
  6793 | D:7      | Bought a scroll of identify for 24 gold pieces
  6839 | D:7      | Noticed a cyclops
  6848 | D:7      | Reached skill level 8 in Invocations
  7702 | D:8      | Reached skill level 9 in Invocations
  7714 | D:8      | Reached XP level 10. HP: 37/82 MP: 11/16
  7925 | D:8      | Found a glowing silver altar of Zin.
  7939 | D:8      | Found a staircase to the Lair.
  7979 | D:8      | Reached **** piety under Okawaru
  8147 | D:8      | Found an opulent altar of Gozag.
  8758 | D:9      | Found a flagged portal.
  8773 | Bailey   | Entered a bailey
  8916 | Bailey   | Noticed an orc knight
  9035 | Bailey   | Noticed an orc knight
  9035 | Bailey   | Noticed an orc knight
  9061 | Bailey   | Killed an orc knight
  9061 | Bailey   | Reached skill level 10 in Invocations
  9433 | Bailey   | Noticed an orc knight
  9456 | Bailey   | Killed an orc knight
  9456 | Bailey   | Reached ***** piety under Okawaru
 10060 | Bailey   | Got a translucent fire dragon armour
 10242 | Bailey   | Identified the +8 fire dragon armour of Inviolability {rElec rPois rF++ rC- rN+} (You found it in a bailey)
 10379 | D:9      | Upgraded the game from 0.19-a0-1107-gc676ff4 to 0.19-a0-1111-gcceb26a
 10539 | D:9      | Found Goeko's Magic Scroll Emporium.
 10542 | D:9      | Bought a scroll of teleportation for 39 gold pieces
 10542 | D:9      | Bought a scroll of identify for 26 gold pieces
 10542 | D:9      | Bought a scroll of identify for 26 gold pieces
 10542 | D:9      | Bought a scroll of identify for 26 gold pieces
 10542 | D:9      | Bought a scroll of identify for 26 gold pieces
 10765 | D:9      | Reached skill level 10 in Fighting
 11065 | D:10     | Entered Level 10 of the Dungeon
 11070 | D:10     | Noticed an unseen horror
 11087 | D:10     | Killed an unseen horror
 11087 | D:10     | Reached XP level 11. HP: 84/91 MP: 18/18
 11091 | D:10     | Noticed an iron golem
 11091 | D:10     | Noticed an iron golem
 11091 | D:10     | Noticed an iron golem
 11091 | D:10     | Noticed an iron golem
 11120 | D:10     | Killed an iron golem
 11163 | D:9      | Killed an iron golem
 11398 | D:10     | Reached skill level 5 in Shields
 11497 | D:10     | Noticed a hill giant
 11516 | D:10     | Killed a hill giant
 11526 | D:10     | Received a gift from Okawaru
 11541 | D:10     | Noticed an unseen horror
 11554 | D:10     | Noticed a hill giant
 11561 | D:10     | Killed an unseen horror
 11648 | D:10     | Noticed Snorg
 11665 | D:10     | Killed Snorg
 11802 | D:10     | Killed a hill giant
 11971 | D:11     | Noticed a hill giant
 11983 | D:11     | Killed a hill giant
 12197 | D:11     | Noticed Fannar
 12219 | D:11     | Killed Fannar
 12804 | D:11     | Found Kemasas's Antique Armour Shop.
 12813 | D:11     | Bought a pair of embroidered boots for 117 gold pieces
 12823 | D:11     | Identified a +2 pair of boots of running (You bought it in a shop on level 11 of the Dungeon)
 12851 | D:11     | Noticed a hill giant
 12866 | D:11     | Killed a hill giant
 12866 | D:11     | Gained mutation: You are slightly more attuned to the shadows. [demonic ancestry]
 12866 | D:11     | Reached XP level 12. HP: 56/99 MP: 11/19
 12942 | D:11     | Noticed a five-headed hydra
 13061 | D:11     | Reached ****** piety under Okawaru
 13164 | D:11     | Noticed a six-headed hydra
 13192 | D:11     | Killed a five-headed hydra
 13192 | D:11     | Reached skill level 10 in Shields
 13244 | D:11     | Noticed Nergalle
 13267 | D:11     | Killed Nergalle
 13303 | D:11     | Killed a six-headed hydra
 13303 | D:11     | Received a gift from Okawaru
 13684 | D:11     | Noticed a stone giant
 13699 | D:11     | HP: 4/99 [stone giant/large rock (13)]
 14168 | Lair:1   | Entered Level 1 of the Lair of Beasts
 14460 | Lair:1   | Reached skill level 10 in Maces & Flails
 15451 | Lair:2   | Found a staircase to the Shoals.
 15681 | Lair:2   | Reached skill level 5 in Armour
 16088 | Lair:3   | Gained mutation: You regenerate magic rapidly. [demonic ancestry]
 16088 | Lair:3   | Reached XP level 13. HP: 88/106 MP: 15/20
 16131 | Lair:3   | Found a hole to the Spider Nest.
 16161 | Lair:3   | Reached skill level 5 in Dodging
 16241 | Lair:3   | Found a frozen archway.
 16298 | IceCv    | Entered an ice cave
 16491 | IceCv    | Received a gift from Okawaru
 16904 | IceCv    | Noticed a frost giant
 16955 | IceCv    | Killed a frost giant
 17109 | Lair:3   | Received a gift from Okawaru
 17200 | Lair:3   | Got a brightly glowing helmet
 17211 | Lair:3   | Identified the cursed -4 helmet "Zasinof" {rF++ Dex-2} (You found it on level 3 of the Lair of Beasts)
 19327 | Lair:5   | Gained mutation: You have hoof-like feet. [demonic ancestry]
 19327 | Lair:5   | Reached XP level 14. HP: 116/116 MP: 21/21
 19522 | Lair:6   | Entered Level 6 of the Lair of Beasts
 20101 | Lair:6   | Reached skill level 11 in Invocations
 20212 | Lair:6   | Found a viscous altar of Jiyva.
 20213 | Lair:6   | Found a staircase to the Slime Pits.
 20458 | Lair:6   | Reached skill level 12 in Invocations
 20627 | Lair:6   | Received a gift from Okawaru
 20850 | Lair:6   | Reached skill level 13 in Invocations
 21416 | Lair:6   | Reached skill level 14 in Invocations
 21660 | Lair:6   | Gained mutation: Your muscles are strong. (Str +2) [a shining eye]
 21661 | Lair:6   | Gained mutation: Armour fits poorly on your strangely shaped body. [a shining eye]
 21671 | Lair:6   | Lost mutation: Your muscles are strong. (Str +2) [a shining eye]
 22150 | D:10     | Got a serpentine granite ring
 22152 | D:10     | Identified the ring "Vipong Paga" {rPois Dex+5} (You found it on level 10 of the Dungeon)
 22425 | D:12     | Found a staircase to the Orcish Mines.
 22493 | D:12     | Found a runed door.
 22493 | D:12     | Noticed a fire giant
 22494 | D:12     | Noticed a stone giant
 22496 | D:12     | Noticed a sphinx
 22518 | D:12     | Killed a fire giant
 22518 | D:12     | Reached XP level 15. HP: 104/123 MP: 17/25
 22541 | D:12     | Received a gift from Okawaru
 22560 | D:12     | Killed a sphinx
 22748 | D:12     | Learned a level 2 spell: Repel Missiles
 22871 | D:12     | Reached skill level 1 in Charms
 22871 | D:12     | Reached skill level 1 in Air Magic
 22887 | D:12     | Identified a scroll of acquirement
 22975 | D:12     | Got a crude granite ring
 22977 | D:12     | Identified the ring "Qugaek" {Wiz rF+} (You found it on level 12 of the Dungeon)
 23363 | D:13     | Noticed Rupert
 23389 | D:13     | Killed Rupert
 23389 | D:13     | Received a gift from Okawaru
 23521 | D:13     | Noticed Nessos
 23615 | D:13     | Killed Nessos
 23890 | D:13     | Found a sparkling altar of Nemelex Xobeh.
 23991 | D:14     | Noticed Azrael
 24033 | D:14     | Killed Azrael
 24121 | D:14     | Received a gift from Okawaru
 24569 | D:14     | Found a gate to the Vaults.
 24616 | D:14     | Cast into level 3 of the Abyss (vault guard)
 24617 | Abyss:3  | Found a corrupted altar of Lugonu.
 24737 | Abyss:3  | Paralysed by accursed screaming for 1 turns
 24740 | Abyss:3  | Noticed a lich
 24743 | Abyss:3  | Paralysed by accursed screaming for 1 turns
 24763 | Abyss:3  | Noticed a Hell Sentinel
 24766 | Abyss:3  | HP: 5/124 [starcursed mass/accursed screaming (5)]
 24768 | Abyss:3  | Killed from afar by a lich

Vault maps used:
D:1:      dpeg_arrival_renting, minmay_hexomino_u4
D:2:      uniq_terence, uniq_sigmund, uniq_iyjb
D:3:      okawaru_altar_gauntlet_db, minmay_vboxes, uniq_jessica, uniq_grinder
D:4:      lemuel_upstairs_altar, first_bread, serial_shops,
          nicolae_shop_waterfront
D:5:      serial_shops, nicolae_shop_statue_plus, uniq_pikel
D:6:      gammafunk_temple_overflow_wave, grunt_decor_mini_mirrors,
          uniq_crazy_yiuf_cottage
D:7:      hangedman_cross_stitches, serial_shops, nicolae_shop_crystal
D:8:      kennysheep_mini, lemuel_doored_altar, lair_0_dummy
D:9:      enter_bailey_3, serial_shops, kennysheep_mini_moat
D:10:     cheibrodos_stairvault_heist, grunt_ogre_cave, uniq_snorg
D:11:     minmay_shrinking_squares, serial_shops, nicolae_shop_window_shopping,
          uniq_fannar, uniq_nergalle
D:12:     minmay_gate_of_8
D:13:     kennysheep_room_grid, nemelex_diamond_rough_becter, uniq_rupert,
          uniq_nessos
D:14:     lightli_vaults_fourway_checkpoint, lemuel_coloured_pillars_altar,
          columned_hall_lemuel, hangedman_abyss_or_decor_stabs,
          grunt_decor_one_mirror, uniq_azrael
Lair:1:   grunt_megastairs_3, serial_bayou_shore_b
Lair:2:   minmay_shoals_entry_lonely_mermaid, st_stairs_10, grunt_megastairs_2,
          serial_bayou_shore_a
Lair:3:   spider_nest_entry_webs, portal_ice_cave_entry_imps
Lair:4:   grunt_megastairs_1
Lair:5:   minivault_11
Lair:6:   hangedman_lair_caniforms_friends, hangedman_lair_in_review,
          dpeg_slime_entry_enclosed_altar
Abyss:3:  dshaligram_kb_abyss_rune_zappy_water_cross
Bailey:   bailey_polearm_1, bailey
IceCv:    ice_cave_caverns_03

Skill      XL: |  1  2  3  4  5  6  7  8  9 10 11 12 13 14 15 |
---------------+----------------------------------------------+-----
Armour         | 3 5 7 8 |  8.8
Maces & Flails | 2 3 4 5 6 7 9 10 11 12 13 | 13.3
Fighting       | 4 5 6 7 8 10 11 12 13 | 13.2
Dodging        | 1 2 3 4 7 |  7.3
Invocations    | 2 3 6 9 10 14 | 14.0
Shields        | 4 9 11 | 11.0
Charms         | 4 |  4.7
Air Magic      | 4 |  4.6

Action                   |  1- 3 |  4- 6 |  7- 9 | 10-12 | 13-15 || total
-------------------------+-------+-------+-------+-------+-------++-------
Melee: Flail             |   154 |   322 |   595 |  1292 |  2610 ||  4973
       Kick              |       |    82 |   108 |       |       ||   190
 Cast: Repel Missiles    |       |       |       |       |     1 ||     1
Invok: Heroism           |       |       |     7 |    10 |    14 ||    31
       Finesse           |       |       |       |     4 |     7 ||    11
Evoke: Wand              |       |       |       |     1 |       ||     1
  Use: Scroll            |     5 |     6 |    16 |    15 |    21 ||    63
       Potion            |       |     3 |     3 |     2 |     1 ||     9
 Stab: Sleeping          |       |       |       |       |     2 ||     2
       Distracted        |       |       |       |       |     1 ||     1
       Petrifying        |       |       |       |       |     1 ||     1
  Eat: Chunk             |     1 |     7 |    12 |    13 |    11 ||    44
       Fruit             |       |       |     3 |     3 |     8 ||    14
       Beef jerky        |       |       |     1 |     4 |     2 ||     7
       Pizza             |       |       |       |     2 |       ||     2
       Bread ration      |       |       |       |     1 |     1 ||     2
       Royal jelly       |       |       |       |       |     3 ||     3
Armor: Scale mail        |    93 |    83 |       |       |       ||   176
       Chain mail        |       |    86 |   335 |   132 |       ||   553
       Fire dragon armou |       |       |       |   483 |  1174 ||  1657
Dodge: Dodged            |    62 |    91 |   189 |   306 |   882 ||  1530
Block: Shield            |    90 |   188 |   370 |   159 |       ||   807
       Large shield      |       |       |       |   941 |  3030 ||  3971
